 Dungeon Crawl Stone Soup version 0.31-a0-1612-g4aaf141004 (webtiles) character file.

Game seed: 13970829273199635412

97 Bnni the Trooper (level 5, -2/42 HPs)
             Began as a Formicid Fighter on Jan 9, 2024.
             Killed from afar by Ijyb (10 damage)
             ... with a bolt of acid
             ... on level 3 of the Dungeon.
             The game lasted 00:02:21 (1946 turns).

Bnni the Trooper (Formicid Fighter)                 Turns: 1946, Time: 00:02:21

Health: -2/42      AC:  6    Str: 22    XL:     5   Next: 0%
Magic:  5/5        EV:  9    Int:  8    God:
Gold:   122        SH: 10    Dex: 13    Spells: 4/4 levels left

rFire   . . .        i - +2 spear (pain)
rCold   . . .        c - +0 buckler
rNeg    . . .        b - +0 scale mail
rPois   .            (helmet unavailable)
rElec   .            (no cloak)
rCorr   .            (no gloves)
SInv    +            (no boots)
Will    +....        j - amulet of reflection Stlth
                     m - ring of willpower
HPRegen 0.27/turn    (no ring)
MPRegen 0.09/turn

%: reflection
@: no status effects
A: permanent stasis, dig shafts and tunnels, antennae 3, four strong arms
a: Dig, Shaft Self


You were on level 3 of the Dungeon.
You visited 1 branch of the dungeon, and saw 3 of its levels.

You collected 122 gold pieces.

Inventory:

Hand Weapons
 a - a +0 trident
 i - a +2 spear of pain (weapon)
Armour
 b - a +0 scale mail (worn)
 c - a +0 buckler (worn)
Jewellery
 j - an amulet of reflection (around neck)
 m - a ring of willpower (left hand)
Scrolls
 e - 2 scrolls of poison {unknown}
 k - a scroll of amnesia {unknown}
 l - a scroll of fog {unknown}
Potions
 d - a potion of might
 f - 3 potions of heal wounds {unknown}
 g - a potion of curing {unknown}
 h - a potion of attraction {unknown}


   Skills:
 + Level 4.2 Fighting
 * Level 4.0 Polearms
 - Level 3.2 Armour
 - Level 4.0 Shields


You had 4 spell levels left.
You didn't know any spells.
Your spell library contained the following spells:

 Spells                   Type           Power      Damage    Failure   Level
 Lesser Beckoning         Tloc           0%         N/A       91%         2
 Momentum Strike          Conj/Tloc      0%         3d8       91%         2
 Inner Flame              Hex/Fire       0%         N/A       99%         3
 Flame Wave               Conj/Fire      0%         2d4       100%        4
 Sticky Flame             Fire/Alch      0%         2d4       100%        4
 Blink                    Tloc           Unusable   N/A       N/A         2

Dungeon Overview and Level Annotations

Branches:
Dungeon (3/15)

Altars:
Elyvilon

Annotations:
D:3 Ijyb


Innate Abilities, Weirdness & Mutations

You cannot be hasted, slowed, berserked, paralysed or teleported.
You can dig through walls and to a lower floor.
You have a pair of large antennae on your head. (SInv)
Your four strong arms can wield two-handed weapons with a shield.


Message History

You closely miss Ijyb.
Ijyb is moderately wounded.
Ijyb hits you with a +5 dagger of flaming.
Ijyb burns you.
You hit Ijyb but do no damage.
Ijyb is moderately wounded.
Ijyb zaps a wand.
The bolt of acid hits you!
* * * LOW HITPOINT WARNING * * *
You closely miss Ijyb.
Ijyb is moderately wounded.
Ijyb zaps a wand.
The bolt of acid misses you.
Unknown command.
You hit Ijyb.
Ijyb is heavily wounded.
Ijyb screams, "You nasty!
Big nasty!"
You block Ijyb's attack.
Unknown command.
You hit Ijyb.
Ijyb is severely wounded.
You block Ijyb's attack.
Unknown command.
You hit Ijyb.
Ijyb is almost dead.
Ijyb hits you but does no damage.
Unknown command.
You hit Ijyb.
Ijyb is almost dead.
You block Ijyb's attack.
Unknown command.
You barely miss Ijyb.
Ijyb is almost dead.
Ijyb hits you with a +5 dagger of flaming.
* * * LOW HITPOINT WARNING * * *
Ijyb burns you.
* * * LOW HITPOINT WARNING * * *
Unknown command.
You barely miss Ijyb.
Ijyb is almost dead.
Ijyb zaps a wand.
The bolt of acid hits you!
You die...

###.###.###.##.
#............##
#.#.###.###..##
####.#.#
#.###....
..#####......#
#....#.##
#.........###
#.#.#..#
#.####.##.#
##.#.##.#
#.##.#
#.......#
#@##.#
#..#.##.#
#g##.#
#..#.##.#
#h##.#
#..#.##.#
#.##.#
#..#.##.# #?#
...... ,...
......# ,..#
##.#### ...


You could see Ijyb and a jackal.

Vanquished Creatures
  A gnoll (D:1)
  5 adders
  2 ribbon worms
  An orc (D:3)
  4 ball pythons (D:2)
  3 bats (D:2)
  An endoplasm (D:2)
  A giant cockroach (D:2)
  2 goblins (D:2)
  3 hobgoblins
  2 jackals (D:3)
  5 kobolds
  2 quokkas
  2 frilled lizards
  3 rats
37 creatures vanquished.

Notes
Turn   | Place    | Note
-------+----------+-------------------------------------------
     0 | D:1      | Bnni the Formicid Fighter began the quest for the Orb.
     0 | D:1      | Reached XP level 1. HP: 18/18 MP: 1/1
   446 | D:1      | Found a faded altar of an unknown god.
   677 | D:1      | Reached XP level 2. HP: 19/24 MP: 2/2
   984 | D:2      | Reached XP level 3. HP: 28/30 MP: 3/3
  1271 | D:2      | Reached XP level 4. HP: 37/37 MP: 4/4
  1343 | D:2      | Found a white marble altar of Elyvilon.
  1916 | D:3      | Noticed Ijyb
  1932 | D:3      | Reached XP level 5. HP: 37/42 MP: 5/5
  1946 | D:3      | Killed from afar by Ijyb

Illustrated notes

Levels and vault maps discovered:
D:1:      dpeg_arrival_signposts, layout_loops_corners,
          ebering_ecumenical_altar_box
D:2:      layout_basic, basic_altar, minmay_tall_x
D:3:      layout_loops_ring, yredelemnul_altar_generic, uniq_ijyb

Skill      XL: |  1  2  3  4 |
---------------+-------------+-----
Polearms       | 3 4 |  4.0
Fighting       | 4 |  4.2
Armour         | |  3.2
Shields        | |  4.0

Action                     |  1- 3 |  4- 6 || total
---------------------------+-------+-------++-------
  Melee: Trident           |    15 |       ||    15
         Spear             |    36 |    82 ||   118
 Armour: Scale mail        |    17 |    30 ||    47
  Dodge: Dodged            |    17 |    16 ||    33
  Block: Buckler           |    11 |    26 ||    37
         Reflection        |       |     5 ||     5

Table legend: (Time is in decaauts)
 A = Elapsed time spent in this place.
 B = Non-inter-level travel time spent in this place.
 C = Inter-level travel time spent in this place.
 D = Time resting spent in this place.
 E = Time spent auto-exploring this place.
 F = Levels seen in this place.
 G = Mean time per level.
                   A        B        C        D        E       F      G
               +--------+--------+--------+--------+--------+-----+--------+
         Total |   1942 |   1790 |    152 |      0 |   1532 |   3 |  647.3 |
       Dungeon |   1942 |   1790 |    152 |      0 |   1532 |   3 |  647.3 |
               +--------+--------+--------+--------+--------+-----+--------+

Top non-repeatable levels by time:
     D:1: 922 daAuts
     D:2: 709 daAuts
     D:3: 310 daAuts
